 Dungeon Crawl Stone Soup version 0.26.0-16-gc1dbca0489 (webtiles) character file.

Game seed: 6096692171182565103

119 shakesphere1979 the Sneak (level 5, 0/45 HPs)
             Began as a Naga Enchanter on Jan 18, 2021.
             Slain by an iguana (2 damage)
             ... on level 3 of the Dungeon.
             The game lasted 00:07:51 (3673 turns).

shakesphere1979 the Sneak (Naga Enchanter)          Turns: 3673, Time: 00:07:52

Health: 0/45       AC:  2    Str: 11    XL:     5   Next: 3%
Magic:  3/8        EV: 10    Int: 15    God:
Gold:   254        SH:  0    Dex: 12    Spells: 3/9 levels left

rFire    . . .     SeeInvis +   a - +1 dagger
rCold    . . .     Faith    .   (no shield)
rNeg     . . .     Spirit   .   b - +0 robe
rPois    +         Reflect  .   (no helmet)
rElec    .         Harm     .   (no cloak)
rCorr    .         Rampage  .   (no gloves)
Will     .....                  (no barding)
Stlth    +++.......             (no amulet)
HPRegen  0.15/turn              (no ring)
MPRegen  0.11/turn              (no ring)

@: very slow
A: large, see invisible, deformed body, poison resistance, slowness 2, spit
poison 1, AC +1
a: Spit Poison


You were on level 3 of the Dungeon.
You visited 1 branch of the dungeon, and saw 3 of its levels.

You collected 254 gold pieces.

Inventory:

Hand Weapons
 a - a +1 dagger (weapon)
 j - a +1 spear of venom
Missiles
 c - 51 arrows
 f - a throwing net
 i - 17 poisoned darts
 k - 52 stones
Armour
 b - a +0 robe (worn)
Jewellery
 h - an uncursed ring of wizardry {unknown}
Scrolls
 d - 3 scrolls of identify {unknown}
 g - a scroll of random uselessness {unknown}
 o - a scroll of teleportation {unknown}
 p - 2 scrolls of remove curse {unknown}
Potions
 e - a potion of cancellation {unknown}
 l - a potion of curing {unknown}
 m - a potion of brilliance {unknown}
 n - a potion of invisibility {unknown}
 q - a potion of degeneration {unknown}


   Skills:
 + Level 1.9 Fighting
 - Level 2.0 Short Blades
 - Level 1.5 Dodging
 + Level 5.5 Stealth
 + Level 2.6 Spellcasting
 + Level 3.6 Hexes


You had 3 spell levels left.
You knew the following spells:

 Your Spells              Type           Power        Failure   Level
a - Corona                Hex            13%          4%          1
b - Ensorcelled Hibernat  Hex/Ice        14%          16%         2
c - Confusing Touch       Hex            12%          14%         3

Your spell library contained the following spells:

 Spells                   Type           Power        Failure   Level
 Tukima's Dance           Hex            12%          14%         3
 Dazzling Flash           Conj/Hex       14%          30%         3


Dungeon Overview and Level Annotations

Branches:
Dungeon (3/15)

Altars:
Elyvilon
Gozag
Ru
Sif Muna
Trog
Zin


Innate Abilities, Weirdness & Mutations

You cannot wear boots.
Your serpentine skin is tough. (AC +1)
You have supernaturally acute eyesight. (SInv)
Armour fits poorly on your strangely shaped body.
Your system is resistant to poisons. (rPois)
You cover ground very slowly.
You can spit poison.


Message History

You puncture the iguana!
The iguana is almost dead.
The iguana barely misses you.
You hit the iguana but do no damage.
The iguana is almost dead.
The iguana bites you!
* * * LOW HITPOINT WARNING * * *
You hit the iguana but do no damage.
The iguana is almost dead.
The iguana closely misses you.
You closely miss the iguana.
The iguana is almost dead.
You barely miss the iguana.
The iguana is almost dead.
The iguana bites you.
* * * LOW HITPOINT WARNING * * *
The iguana barely misses you.
Your magical contamination has completely faded away.
The iguana bites you.
You die...

##...##.# #.# #.#
.....##.# ##>########.#
......#.#####........#...
###...#.......[..#####.⌠.
#...#######..#.# #...#
#...# #..#.#
#...#######..#.#
#............#.#
###............#@#
.......#########l#
#.......# ##.# ........#
#..# ........# #.##
.......## #. ..#..>## #.
..#.### #. .##.# #.


You could see an iguana.

Vanquished Creatures
  An orc wizard (D:3)
  3 adders
  An ooze (D:2)
  A worm (D:2)
  A dart slug (D:1)
  2 leopard geckos
  3 orcs (D:3)
  5 giant cockroaches
  9 goblins
  4 hobgoblins
  7 kobolds
  8 bats
  A frilled lizard (D:1)
  6 rats
52 creatures vanquished.

Notes
Turn   | Place    | Note
-------+----------+-------------------------------------------
     0 | D:1      | shakesphere1979 the Naga Enchanter began the quest for the
                  | Orb.
     0 | D:1      | Reached XP level 1. HP: 15/15 MP: 3/3
   200 | D:1      | Reached XP level 2. HP: 19/24 MP: 5/5
  1259 | D:1      | Reached XP level 3. HP: 30/30 MP: 6/6
  1326 | D:1      | Reached skill level 1 in Fighting
  1626 | D:2      | Reached skill level 5 in Stealth
  1883 | D:2      | Found a sacrificial altar of Ru.
  2076 | D:2      | Learned a level 2 spell: Ensorcelled Hibernation
  2080 | D:2      | Learned a level 3 spell: Confusing Touch
  2307 | D:2      | Reached XP level 4. HP: 31/38 MP: 4/7
  2450 | D:2      | Found a glowing silver altar of Zin.
  2541 | D:2      | Found a shimmering blue altar of Sif Muna.
  2544 | D:2      | Found an opulent altar of Gozag.
  3084 | D:3      | Found a bloodstained altar of Trog.
  3340 | D:3      | Reached XP level 5. HP: 28/45 MP: 6/8
  3628 | D:3      | Found a white marble altar of Elyvilon.
  3670 | D:3      | HP: 2/45 [iguana (3)]
  3673 | D:3      | Slain by an iguana

Illustrated notes

Levels and vault maps discovered:
D:1:      giann_bridges, layout_loops_ring
D:2:      layout_rooms, grunt_temple_overflow_cloverleaf
D:3:      layout_loops_ring, elyvilon_altar_1, lemuel_statue_altar, uniq_jessica

Skill      XL: |  1  2  3  4 |
---------------+-------------+-----
Fighting       | 1 |  1.9
Stealth        | 5 |  5.5
Short Blades   | 2 |  2.0
Dodging        | |  1.5
Spellcasting   | |  2.6
Hexes          | |  3.6

Action                   |  1- 3 |  4- 6 || total
-------------------------+-------+-------++-------
Melee: Dagger            |   162 |    71 ||   233
 Cast: Corona            |     5 |       ||     5
       Ensorcelled Hiber |     1 |    11 ||    12
 Stab: Sleeping          |    11 |     5 ||    16
Armor: Robe              |    45 |    21 ||    66
Dodge: Dodged            |   111 |    44 ||   155
